 Dungeon Crawl Stone Soup version 0.28-a0-1190-g77e1c55843 (webtiles) character file.

Game seed: 14495804683097852145

441 ChaosChampion the Magician (level 6, -8/28 (32) HPs)
             Began as a Deep Elf Conjurer on Dec 18, 2021.
             Mangled by Duvessa (19 damage)
             ... on level 4 of the Dungeon.
             The game lasted 00:06:16 (3817 turns).

ChaosChampion the Magician (Deep Elf Conjurer)      Turns: 3817, Time: 00:06:16

HP:   -8/28 (32)    AC:  5    Str:  4    XL:     6   Next: 71%
MP:   1/17          EV: 12    Int: 25    God:
Gold: 210           SH:  0    Dex: 13    Spells: 7/18 levels left

rFire   . . .      SeeInvis .   (no weapon)
rCold   . . .      Faith    .   (no shield)
rNeg    . . .      Spirit   .   a - +0 robe
rPois   .          Reflect  .   (no helmet)
rElec   .          Harm     .   (no cloak)
rCorr   .          Rampage  .   (no gloves)
Will    .....                   b - +2 pair of boots
Stlth   ++........              (no amulet)
HPRegen 0.09/turn               (no ring)
MPRegen 0.15/turn               (no ring)

@: flying, heavily drained
A: no striking features
a: no special abilities


You were on level 4 of the Dungeon.
You visited 1 branch of the dungeon, and saw 4 of its levels.

You collected 210 gold pieces.

Inventory:

Armour
 a - a +0 robe (worn)
 b - a +2 pair of boots (worn)
Wands
 i - a wand of iceblast (7) (quivered)
Scrolls
 e - a scroll of noise {unknown}
 f - a scroll of enchant armour {unknown}
 g - a scroll of holy word {unknown}
 k - a scroll of magic mapping {unknown}
Potions
 c - 3 potions of mutation {unknown}
 d - 4 potions of flight
 h - a potion of might {unknown}
 j - 2 potions of curing {unknown}


   Skills:
 - Level 2.4 Dodging
 - Level 2.4 Stealth
 + Level 6.9 Spellcasting
 + Level 5.8 Conjurations
 * Level 4.2 Hexes
 + Level 1.3 Translocations


You had 7 spell levels left.
You knew the following spells:

 Your Spells              Type           Power      Damage    Failure   Level
a - Magic Dart            Conj           100%       1d8       1%          1
b - Searing Ray           Conj           74%        2d7       1%          2
c - Fulminant Prism       Conj/Hex       16%        3d11      9%          4
d - Iskenderun's Mystic   Conj/Tloc      26%        2d7       16%         4

Your spell library contained the following spells:

 Spells                   Type           Power      Damage    Failure   Level
 Dazzling Flash           Conj/Hex       66%        N/A       2%          3
 Ozocubu's Armour         Ice            8%         N/A       21%         3
 Ozocubu's Refrigeration  Ice            4%         4d5       100%        7


Dungeon Overview and Level Annotations

Branches:
Dungeon (4/15)
 Temple: D:4-7

Altars:
Ashenzari

Annotations:
D:4 Duvessa


Message History

Press: ? - help, Dir - move target You conjure a prism of explosive energy!
A fulminant prism comes into view.
Duvessa hits your fulminant prism with a +0 short sword of draining!
Your fulminant prism detonates feebly.
Casting: Fulminant Prism (quite dangerous; 9% risk of failure)
Confirm with . or Enter, or press ? or * to list all spells.
The spell is quite dangerous to miscast (9% risk of failure)!
Continue anyway?
Aiming: Fulminant Prism (quite dangerous; 9% risk of failure)
Press: ? - help, Dir - move target You conjure a prism of explosive energy!
A fulminant prism comes into view.
A ball python comes into view.
Your fulminant prism crackles loudly.
Casting: Fulminant Prism (quite dangerous; 9% risk of failure)
Confirm with . or Enter, or press ? or * to list all spells.
The spell is extremely dangerous to miscast (16% risk of failure)!
Continue anyway?
You erupt in a blast of force!
The mystic blast hits Duvessa but does no damage.
Duvessa hits you with a +0 short sword of draining!
You feel drained.
Your fulminant prism explodes!
The blast of energy engulfs Duvessa!
Duvessa is moderately wounded.
Okay, then.
Okay, then.
Duvessa misses you.
A phantom comes into view.
Found a +0 short sword.
Duvessa hits you but does no damage.
You feel drained.
Your magical contamination has completely faded away.
Duvessa hits you with a +0 short sword of draining!
You feel drained.
It was a potion of flight.
You feel very buoyant.
You fly up into the air.
Duvessa completely misses you. Duvessa closely misses you.
A dart slug comes into view.
Duvessa rages.
Duvessa hits you with a +0 short sword of draining!!
Ouch! That really hurt!
You die...

.....#......P.P≈PP
....?.......PPP≈PP
............P≈≈≈P#
............P.≈≈..
)#.....#........
..[#.....#S.......
.[))...<.#........
..#.....##e.......
#w....l@........
...##.............
...........(......
. .....#..........
.....###..##....
..[..[.#.#.#..##..
.###..e..[...##..
.##............
........l......


You could see Duvessa (berserk), an iguana, a dart slug and a ball python.

Vanquished Creatures
  A scorpion (D:3)
  A water moccasin skeleton (D:4)
  Dowan (D:4)
  The ghost of LadyOphelia the Chopper, a weakling DrBe of Trog (D:3)
  A bullfrog skeleton (D:3)
  2 orc wizards (D:4)
  A hound skeleton (D:3)
  Robin (D:3)
  3 adders
  A white imp (D:3)
  An adder skeleton (D:4)
  2 worms
  A dart slug (D:4)
  4 orcs (D:4)
  6 bats
  6 endoplasms
  3 giant cockroaches
  14 goblins
  11 hobgoblins
  4 jackals (D:2)
  6 quokkas
  4 ball pythons
  A frilled lizard (D:3)
  5 kobolds
  7 rats
  A fulminant prism (D:4)
89 creatures vanquished.

Vanquished Creatures (others)
  12 fulminant prisms
  8 fungi (D:3)
  4 plants (D:4)
  3 toadstools (D:3)
27 creatures vanquished.

Grand Total: 116 creatures vanquished

Notes
Turn   | Place    | Note
-------+----------+-------------------------------------------
     0 | D:1      | ChaosChampion the Deep Elf Conjurer began the quest for the
                  | Orb.
     0 | D:1      | Reached XP level 1. HP: 10/10 MP: 6/6
   182 | D:1      | Reached XP level 2. HP: 15/15 MP: 5/8
   289 | D:1      | Learned a level 2 spell: Searing Ray
   553 | D:1      | Reached skill level 4 in Spellcasting
   934 | D:2      | Reached XP level 3. HP: 19/19 MP: 1/10
  1928 | D:3      | Found a transporter.
  1938 | D:3      | Reached skill level 5 in Spellcasting
  1938 | D:3      | Reached skill level 5 in Conjurations
  1975 | D:3      | Noticed LadyOphelia's ghost (weakling DrBe)
  1979 | D:3      | Found a transporter.
  1989 | D:3      | Reached XP level 4. HP: 23/24 MP: 10/13
  2158 | D:3      | Learned a level 4 spell: Fulminant Prism
  2409 | D:3      | Noticed a scorpion
  2415 | D:3      | Killed a scorpion
  2416 | D:3      | Reached skill level 6 in Spellcasting
  2416 | D:3      | Reached skill level 1 in Hexes
  2416 | D:3      | Reached XP level 5. HP: 28/28 MP: 4/15
  2649 | D:3      | Noticed Robin
  2658 | D:3      | Killed Robin
  2857 | D:3      | Found a broken altar of Ashenzari.
  2930 | D:4      | Reached XP level 6. HP: 32/32 MP: 6/17
  2940 | D:4      | Learned a level 4 spell: Iskenderun's Mystic Blast
  3092 | D:4      | Noticed Dowan
  3094 | D:4      | Noticed Duvessa
  3407 | D:3      | Killed LadyOphelia's ghost
  3408 | D:3      | Reached skill level 1 in Translocations
  3532 | D:4      | Killed Dowan
  3817 | D:4      | Mangled by Duvessa

Illustrated notes

Levels and vault maps discovered:
D:1:      matt_arrival_spirals, layout_basic, hex_tiny, minivault_23
D:2:      layout_loops_ring, bh_walls_and_bars
D:3:      layout_basic, mainiacjoe_overflow_alcove_4, gammafunk_ghost_arena,
          minmay_gold_behind_fungi, hangedman_abyss_or_decor_stabs, uniq_robin
D:4:      layout_cave_pools, serial_bayou, serial_bayou_pond_e,
          serial_bayou_lagoon_a, serial_bayou_shore_a, serial_bayou_pond_d,
          minivault_25, uniq_duvessa

Skill      XL: |  1  2  3  4  5  6 |
---------------+-------------------+-----
Spellcasting   | 4 5 6 |  6.9
Conjurations   | 5 |  5.8
Hexes          | 1 3 4 |  4.2
Translocations | 1 |  1.3
Dodging        | |  2.4
Stealth        | |  2.4

Action                   |  1- 3 |  4- 6 || total
-------------------------+-------+-------++-------
Melee: Unarmed           |     1 |       ||     1
 Cast: Magic Dart        |    74 |    53 ||   127
       Searing Ray       |     2 |     8 ||    10
       Fulminant Prism   |       |    13 ||    13
       Iskenderun's Myst |       |     2 ||     2
  Use: Potion            |       |     1 ||     1
Armor: Robe              |     4 |    10 ||    14
Dodge: Dodged            |    11 |    26 ||    37

Table legend: (Time is in decaauts)
 A = Elapsed time spent in this place.
 B = Non-inter-level travel time spent in this place.
 C = Inter-level travel time spent in this place.
 D = Time resting spent in this place.
 E = Time spent auto-exploring this place.
 F = Levels seen in this place.
 G = Mean time per level.
                   A        B        C        D        E       F      G
               +--------+--------+--------+--------+--------+-----+--------+
         Total |   3819 |   3735 |     84 |    602 |   2563 |   4 |  954.8 |
       Dungeon |   3819 |   3735 |     84 |    602 |   2563 |   4 |  954.8 |
               +--------+--------+--------+--------+--------+-----+--------+

Top non-repeatable levels by time:
     D:3: 1779 daAuts
     D:2: 1001 daAuts
     D:1: 926 daAuts
     D:4: 112 daAuts
